 Dungeon Crawl Stone Soup version 0.27.1-33-g824d729ab1 (webtiles) character file.

Game seed: 8499011713820268924

4267 vvl the Digger (level 10, -12/81 HPs)
             Began as a Grey Draconian Transmuter on Dec 25, 2021.
             Was a Believer of Wu Jian.
             Killed from afar by Erica (15 damage)
             ... with a lance of force
             ... on level 8 of the Dungeon.
             The game lasted 00:27:34 (9836 turns).

vvl the Digger (Grey Draconian Transmuter)          Turns: 9836, Time: 00:27:35

Health: -12/81     AC: 21    Str: 16    XL:     10   Next: 10%
Magic:  17/17      EV: 14    Int: 13    God:    Wu Jian [**....]
Gold:   443        SH:  0    Dex: 15    Spells: 17/18 levels left

rFire    . . .     SeeInvis .     - Unarmed
rCold    . . .     Faith    .   (no shield)
rNeg     . . .     Spirit   .   (armour unavailable)
rPois    .         Reflect  .   (helmet restricted)
rElec    .         Harm     +   i - scarf {harm}
rCorr    .         Rampage  .   d - +2 pair of gloves {Dex+3}
Will     .....                  m - +1 pair of boots
Stlth    +.........             (no amulet)
HPRegen  0.23/turn              q - +4 ring of protection
MPRegen  0.15/turn              (no ring)

@: confused, lethally poisoned (-12 -> -25), slowed, very slow
A: AC +12, amphibious, unfitting armour, cold-blooded
a: Renounce Religion, Wall Jump


You were on level 8 of the Dungeon.
You worshipped Wu Jian.
Wu Jian was pleased with you.
You visited 2 branches of the dungeon, and saw 9 of its levels.

You collected 443 gold pieces.

Inventory:

Hand Weapons
 p - a +0 flail of holy wrath
 x - a +0 whip of freezing
Armour
 d - a +2 pair of gloves of dexterity (worn)
 i - a scarf of harm (worn)
 m - a +1 pair of boots (worn)
Jewellery
 b - a ring of ice
 q - a +4 ring of protection (left hand)
Wands
 h - a wand of flame (17)
 r - a wand of acid (11)
 y - a wand of polymorph (10)
Scrolls
 a - 3 scrolls of teleportation
 j - a scroll of vulnerability
 l - a scroll of noise {unknown}
 t - 2 scrolls of fog {unknown}
 u - a scroll of immolation {unknown}
 v - 2 scrolls of fear {unknown}
 w - 2 scrolls of holy word
 z - 2 scrolls of enchant armour
Potions
 c - a potion of lignification
 f - a potion of degeneration {unknown}
 g - a potion of flight
 n - 2 potions of mutation
 o - 2 potions of cancellation
 s - a potion of heal wounds


   Skills:
 + Level 5.3 Fighting
 + Level 4.8 Dodging
 + Level 5.8 Unarmed Combat
 + Level 4.9 Spellcasting
 + Level 4.4 Necromancy
 + Level 5.2 Transmutations
 + Level 3.8 Ice Magic
 * Level 6.4 Earth Magic
 + Level 4.7 Evocations


You had 17 spell levels left.
You knew the following spells:

 Your Spells              Type           Power      Damage    Failure   Level
a - Beastly Appendage     Tmut           32%        N/A       2%          1

Your spell library contained the following spells:

 Spells                   Type           Power      Damage    Failure   Level
 Sandblast                Erth           38%        2d10      1%          1
 Passwall                 Tmut/Erth      15%        N/A       2%          2
 Wereblood                Tmut           16%        N/A       3%          2
 Freeze                   Ice            52%        1d7       4%          1
 Frozen Ramparts          Ice            26%        1d4       12%         3
 Spider Form              Tmut/Pois      5%         N/A       19%         3
 Static Discharge         Conj/Air       3%         N/A       28%         2
 Ice Form                 Ice/Tmut       15%        N/A       28%         4
 Dispel Undead            Necr           14%        3d10      30%         4
 Lee's Rapid Deconstruct  Erth           9%         3d8*      36%         5
 Hailstorm                Conj/Ice       8%         3d4       65%         4
 Sticky Flame             Conj/Fire      3%         2d3       88%         4
 Lightning Bolt           Conj/Air       1%         1d12      99%         5
 Maxwell's Capacitive Co  Air            1%         ∞         100%        8


Dungeon Overview and Level Annotations

Branches:
Dungeon (8/15)             Temple (1/1) D:6
   Lair: D:8-11

Altars:
Ashenzari
Cheibriados
Dithmenos
Elyvilon
Gozag
Hepliaklqana
Kikubaaqudgha
Nemelex Xobeh
Okawaru
Qazlal
Ru
Sif Muna
Trog
Uskayaw
Vehumet
Wu Jian
Xom
Yredelemnul
The Shining One

Shops:
D:5 :

Annotations:
D:7 2 transporters, Icepheonix32's ghost, novice DsFi
D:8 Erica


Innate Abilities, Weirdness & Mutations

Your dull iron-grey scales are very hard. (AC +12)
You are amphibious.
You cannot fit into any form of body armour.
You are cold-blooded and may be slowed by cold attacks.


Message History

There is an open door here.
You bump into the rock wall.
You hear some strange, mumbled words.
You feel as though you will be slow longer.
You hear some strange, mumbled words.
A lance of force appears from out of thin air!
The lance of force hits you!!
* * * LOW HITPOINT WARNING * * *
You are knocked back by the lance of force.
You slam into the rock wall!
You hear some strange, mumbled words.
A bolt of poison appears from out of thin air!
The bolt of poison misses you.
You feel much better.
You bump into the rock wall.
You feel less confused.
You hear some strange, mumbled words.
A bolt of poison appears from out of thin air!
The bolt of poison hits you but does no damage.
You are poisoned.
You feel very sick. Something hits you. Something burns you.
You feel very sick.
You feel much better.
You feel very sick.
You hear some strange, mumbled words.
You are confused.
Something hits you! Something burns you.
You bump into the rock wall.
You feel sick. Something hits you. Something burns you.
You bump into the rock wall.
You feel sick.
You hear some strange, mumbled words.
A bolt of poison appears from out of thin air!
The bolt of poison hits you!!
You are more poisoned.
* * * LOW HITPOINT WARNING * * *
You hear some strange, mumbled words.
A lance of force appears from out of thin air!
The lance of force hits you!
You die...

.#.........<.....#######........
..............................>.
....#............##.##.#........
....#.####.###...##.##.#........
....#.####.#.....##.##.#########
....#......#..............#
################....##....#
#.#####....# #@# ###+####
#{###.....# #..##.....###
######.##........
#.......'........
#......#.#........
######.#.......... #.##.........
#. #.....#..[


There were no monsters in sight!

Vanquished Creatures
  A boulder beetle (D:8)
  Pikel (D:6)
  Sigmund (D:3)
  A wyvern (D:7)
  Eustachio (D:5)
  2 water moccasins
  2 orc warriors
  2 ice beasts
  5 ogres
  2 necrophages
  A centaur (D:7)
  2 lemures (D:6)
  Blork the orc (D:6)
  A bullfrog (D:6)
  2 scorpions
  A wyvern skeleton (D:7)
  A water moccasin skeleton (D:3)
  2 centaur zombies (D:6)
  2 hounds (D:5)
  A bullfrog skeleton (D:6)
  5 centaur skeletons
  4 gnoll shamans
  3 iguanas
  5 orc priests
  Natasha (D:3)
  6 orc wizards
  A hound skeleton (D:5)
  16 gnolls
  4 adders
  A white imp (D:7)
  A worm (D:2)
  A dart slug (D:1)
  26 orcs
  5 ball pythons
  6 endoplasms
  8 giant cockroaches
  7 goblins
  4 hobgoblins
  5 kobolds
  A quokka (D:3)
  7 bats
  4 frilled lizards
  4 rats
157 creatures vanquished.

Vanquished Creatures (others)
  An orc wizard (D:5)
1 creature vanquished.

Grand Total: 158 creatures vanquished

Notes
Turn   | Place    | Note
-------+----------+-------------------------------------------
     0 | D:1      | vvl the Draconian Transmuter began the quest for the Orb.
     0 | D:1      | Reached XP level 1. HP: 16/16 MP: 3/3
   253 | D:1      | Found a faded altar of an unknown god.
   262 | D:1      | Reached XP level 2. HP: 20/23 MP: 5/5
   878 | D:2      | Reached skill level 1 in Evocations
   940 | D:2      | Reached XP level 3. HP: 19/29 MP: 6/6
  1764 | D:2      | Reached XP level 4. HP: 36/36 MP: 7/7
  2000 | D:3      | Found a sparkling altar of Nemelex Xobeh.
  2176 | D:3      | Noticed Sigmund
  2204 | D:4      | Noticed an ogre
  2264 | D:4      | Killed an ogre
  2265 | D:4      | Reached XP level 5. HP: 10/42 MP: 7/9
  2539 | D:4      | Reached skill level 1 in Necromancy
  2860 | D:4      | Found a white marble altar of Elyvilon.
  2889 | D:4      | Found a bloodstained altar of Trog.
  2900 | D:4      | Reached XP level 6. HP: 35/50 MP: 8/10
  3377 | D:3      | Killed Sigmund
  3506 | D:3      | Your scales start taking on a dull iron-grey colour.
  3506 | D:3      | Reached XP level 7. HP: 57/57 MP: 11/11
  3716 | D:3      | Noticed Natasha
  3721 | D:3      | Killed Natasha
  4650 | D:4      | Reached skill level 1 in Ice Magic
  4837 | D:5      | Entered Level 5 of the Dungeon
  4845 | D:5      | Reached skill level 1 in Earth Magic
  5039 | D:5      | Found Goitufik's Book Shoppe.
  5093 | D:5      | Reached skill level 2 in Earth Magic
  5093 | D:5      | Reached XP level 8. HP: 66/66 MP: 11/13
  5313 | D:5      | Found an ornate altar of the Wu Jian Council.
  5313 | D:5      | Found a glowing golden altar of the Shining One.
  5314 | D:5      | Found a hazy altar of Hepliaklqana.
  5423 | D:5      | Became a worshipper of the Wu Jian Council
  5579 | D:5      | Noticed Eustachio
  5594 | D:5      | Killed Eustachio
  5595 | D:5      | Reached skill level 3 in Earth Magic
  5598 | D:5      | You fall into a shaft and drop 2 floors!
  5636 | D:7      | Found a transporter.
  5640 | D:7      | Noticed a cyclops
  5644 | D:7      | Found a transporter.
  5830 | D:6      | Found a staircase to the Ecumenical Temple.
  5852 | Temple   | Entered the Ecumenical Temple
  6595 | D:5      | Found a sacrificial altar of Ru.
  6847 | D:6      | Reached * piety under Wu Jian
  6932 | D:6      | Reached skill level 5 in Unarmed Combat
  7077 | D:6      | Noticed Blork the orc
  7080 | D:6      | Noticed Pikel
  7113 | D:6      | Killed Pikel
  7114 | D:6      | Reached skill level 4 in Earth Magic
  7114 | D:6      | Reached XP level 9. HP: 26/72 MP: 13/15
  7339 | D:6      | Killed Blork the orc
  7341 | D:6      | Found a shimmering blue altar of Sif Muna.
  8397 | D:7      | Noticed Icepheonix32's ghost (novice DsFi)
  8453 | D:7      | Reached skill level 5 in Earth Magic
  8754 | D:7      | Reached skill level 5 in Fighting
  8754 | D:7      | Reached skill level 5 in Transmutations
  8911 | D:7      | Found a sparkling altar of Nemelex Xobeh.
  9087 | D:8      | Noticed a boulder beetle
  9231 | D:8      | Killed a boulder beetle
  9232 | D:8      | Reached skill level 6 in Earth Magic
  9232 | D:8      | Reached XP level 10. HP: 43/81 MP: 17/17
  9549 | D:8      | Reached ** piety under Wu Jian
  9811 | D:8      | Noticed Erica
  9836 | D:8      | HP: 3/81 [something/bolt of poison (24)]
  9836 | D:8      | Killed from afar by Erica

Illustrated notes

Levels and vault maps discovered:
D:1:      scummos_arrival_hexagon, layout_basic,
          ebering_ecumenical_altar_sacrificial
D:2:      layout_loops_cross, minmay_surrounded
D:3:      layout_rooms, overflow_temple_1_default, uniq_sigmund, uniq_natasha
D:4:      layout_basic, mainiacjoe_overflow_six_doors_small,
          kennysheep_mini_moat, chequers_serial_rivers_large_b, st_stairs_14
D:5:      layout_loops_ring, nicolae_ru_path_of_blood,
          gammafunk_temple_overflow_claw, serial_shops,
          nicolae_shop_behind_doors, kennysheep_generic_room_10, uniq_eustachio
D:6:      layout_layer_cave, tgw_sif, minmay_temple_entry_steel_oval,
          serial_park_tiny_1, uniq_pikel
D:7:      layout_loops_corners, gammafunk_ghost_arena, minmay_ruined_shrine
D:8:      minmay_chambers_of_sevens, layout_basic,
          mainiacjoe_overflow_small_starburst, gammafunk_ghost_stat_death,
          uniq_erica, uniq_grum
Temple:   minmay_temple_curvy_loop

Skill      XL: |  1  2  3  4  5  6  7  8  9 |
---------------+----------------------------+-----
Dodging        | 2 3 4 |  4.8
Evocations     | 1 2 3 4 |  4.7
Fighting       | 2 3 4 5 |  5.3
Necromancy     | 1 2 3 4 |  4.4
Transmutations | 3 4 5 |  5.2
Unarmed Combat | 4 5 |  5.8
Spellcasting   | 3 4 |  4.9
Ice Magic      | 1 2 3 |  3.8
Earth Magic    | 2 4 6 |  6.4

Action                   |  1- 3 |  4- 6 |  7- 9 | 10-12 || total
-------------------------+-------+-------+-------+-------++-------
Melee: Unarmed           |   122 |   171 |   385 |    52 ||   730
       Tailslap          |    16 |    30 |    63 |     8 ||   117
       Punch             |     1 |     2 |    13 |     2 ||    18
       Kick              |       |    18 |   117 |    22 ||   157
       Headbutt          |       |     8 |    69 |    11 ||    88
 Cast: Beastly Appendage |       |    10 |    49 |     3 ||    62
Invok: Lunge             |       |       |    13 |     4 ||    17
       Whirlwind         |       |       |     2 |     1 ||     3
  Use: Potion            |       |     4 |     2 |     3 ||     9
       Scroll            |       |       |     9 |       ||     9
Armor: Skin              |    54 |    62 |   185 |    39 ||   340
Dodge: Dodged            |    71 |   113 |   230 |    19 ||   433
